 Dungeon Crawl Stone Soup version 0.25-a0-661-g55ea3d2 (webtiles) character file.

Game seed: 14563214641220623562, levelgen mode: deterministic

2195 ssssssssss the Poker (level 9, 0/127 HPs)
             Began as a Troll Berserker on Mar 24, 2020.
             Was a Priest of Trog.
             Slain by a small abomination (10 damage)
             ... on level 7 of the Dungeon.
             The game lasted 01:04:27 (4579 turns).

ssssssssss the Poker (Troll Berserker)              Turns: 4579, Time: 01:04:28

Health: 0/127      AC:  7    Str: 29      XL:     9   Next: 12%
Magic:  8/8        EV: 13    Int:  4 (6)  God:    Trog [***...]
Gold:   146        SH:  0    Dex: 10 (11) Spells: 8/8 levels left

rFire    . . .     SeeInvis +   n - +5 scythe "Finisher" {speed, eviscerate}
rCold    . . .     Gourm    +   (shield currently unavailable)
rNeg     . . .     Faith    .   r - +1 robe
rPois    +         Spirit   .   (helmet restricted)
rElec    .         Reflect  .   (no cloak)
rCorr    .         Harm     .   (gloves unavailable)
MR       ++...                  (boots unavailable)
Stlth    ..........             (no amulet)
HPRegen  1.71/turn              s - +2 ring of intelligence
MPRegen  0.11/turn              f - ring of poison resistance

@: berserking, regenerating, very quick
A: large, unfitting armour, claws 3, repulsion field 1, see invisible, agile 1,
fast metabolism 3, gourmand, regeneration 1, shaggy fur 1, tough skin 3,
MP-powered wands
a: Berserk, Trog's Hand, Renounce Religion


You were on level 7 of the Dungeon.
You worshipped Trog.
Trog was most pleased with you.
You were full.

You visited 2 branches of the dungeon, and saw 9 of its levels.

You collected 236 gold pieces.
You spent 90 gold pieces at shops.

Inventory:

Hand Weapons
 e - a +4 whip of pain {whip it good}
 g - a +2 dagger of flaming
 l - a +0 morningstar
 n - the +5 scythe "Finisher" (weapon) {speed, eviscerate}
   (You found it on level 5 of the Dungeon)

   Attacks with this weapon are significantly faster.
 I - a +0 giant spiked club
 O - a +0 shortbow
Missiles
 c - 20 poisoned darts (quivered)
 d - 95 bolts
 u - 50 arrows
 F - 41 stones
Armour
 k - a +0 cloak
 r - a +1 robe (worn)
Magical Staves
 y - an uncursed staff of death
Jewellery
 f - a ring of poison resistance (right claw)
 h - an uncursed ring of wizardry
 s - a +2 ring of intelligence (left claw)
Wands
 R - a wand of paralysis (9)
Scrolls
 a - 2 scrolls of identify
 i - 2 scrolls of remove curse
 v - a scroll of amnesia {unknown}
 x - a scroll of teleportation {unknown}
 J - a scroll of blinking {unknown}
Potions
 w - 2 potions of degeneration
 C - 2 potions of curing
Comestibles
 b - 7 rations
 j - 6 chunks of flesh


   Skills:
 + Level 4.5 Fighting
 + Level 3.1 Maces & Flails
 + Level 6.7 Polearms
 + Level 0.5 Throwing
 + Level 5.1 Dodging
 + Level 1.6 Stealth
 + Level 3.5 Unarmed Combat


You had 8 spell levels left.
You didn't know any spells.
Your spell library was empty.

Dungeon Overview and Level Annotations

Branches:
Dungeon (8/15)             Temple (1/1) D:6
   Lair: D:8-11

Altars:
Ashenzari
Cheibriados
Dithmenos
Elyvilon
Fedhas
Gozag
Kikubaaqudgha
Makhleb
Nemelex Xobeh
Okawaru
Qazlal
Ru
Sif Muna
Trog
Uskayaw
Vehumet
Wu Jian
Xom
Yredelemnul
Zin
The Shining One

Shops:
D:5 [   D:6 (

Portals:
Abyss: D:7

Annotations:
D:7 1 transporter, smeego's ghost, novice HOFi


Innate Abilities, Weirdness & Mutations

You are too large for most types of armour.
You have claws for hands.
Your metabolism is lightning-fast.
You like to eat raw meat.
Your natural rate of healing is unusually fast.
You are covered in fur. (AC +1)
You have extremely tough skin. (AC +3)
You are surrounded by a mild repulsion field. (EV +2)
You have supernaturally acute eyesight. (SInv)
You are agile. (Dex +2)
You expend magic power (3 MP) to strengthen your wands.


Message History

Your skin crawls.
You feel resistant to hostile enchantments.
The small abomination hits you!
* * * LOW HITPOINT WARNING * * *
A red film seems to cover your vision as you go berserk!
You feel yourself moving faster!
You feel mighty!
You feel quite a bit less full. The small abomination hits you!
* * * LOW HITPOINT WARNING * * *
You slice the small abomination!!
The small abomination is severely damaged.
The hell hog bites you!
* * * LOW HITPOINT WARNING * * *
The small abomination barely misses you.
You closely miss the small abomination.
The small abomination is severely damaged.
The hell hog closely misses you.
You closely miss the small abomination.
The small abomination is severely damaged.
The small abomination hits you!
You die...

...##5.####.#..##.......# #...
#.©#W∩.# .%....#...'....# #...
#..####..###.#.###......# #...
#...# ##.###..^##.##### #...
#...##.##....##.###.##########...
#..##...###...##K.#..............
#..#x##...##..##W##..#########...
#..##Whu.x.#..#hx#..####### ####
#...####K.##..##@#......... #
#......####....###.########.# #
##....÷)##..#...©..# #.# #
######(÷..##..##### #.# #
#######..# #.# # #..######
#####.# # #........ .....# #
#.############..#####
#....................


You could see a hell hog, a big kobold, a small abomination and smeego's ghost.

Vanquished Creatures
  A hippogriff (D:7)
  Eustachio (D:6)
  2 phantoms
  An orc warrior (D:6)
  2 ice beasts
  2 sky beasts
  An ogre (D:5)
  2 centaurs
  2 bullfrogs
  A howler monkey (D:6)
  2 crimson imps
  2 hounds (D:5)
  2 bullfrog zombies
  2 orc priests
  A bullfrog skeleton (D:5)
  6 orc wizards
  2 worker ants
  An iguana (D:5)
  A killer bee zombie (D:6)
  A hound skeleton (D:8)
  5 adders
  3 gnolls (D:6)
  5 dart slugs
  3 leopard geckos
  21 orcs
  4 ball pythons
  6 bats
  2 giant cockroaches (D:5)
  7 hobgoblins
  3 jackals (D:7)
  3 quokkas
  2 frilled lizards (D:1)
  A giant cockroach zombie (D:5)
  6 goblins
  A jackal skeleton (D:6)
  5 kobolds
  4 rats
  A plant (D:3)
117 creatures vanquished.

Vanquished Creatures (others)
  Menkaure (D:7)
  A giant cockroach (D:7)
2 creatures vanquished.

Grand Total: 119 creatures vanquished

Notes
Turn   | Place    | Note
-------+----------+-------------------------------------------
     0 | D:1      | ssssssssss the Troll Berserker began the quest for the Orb.
     0 | D:1      | Reached XP level 1. HP: 22/22 MP: 0/0
   189 | D:1      | Reached XP level 2. HP: 29/29 MP: 1/1
   698 | D:2      | Reached XP level 3. HP: 36/36 MP: 2/2
   901 | D:3      | Reached ** piety under Trog
   905 | D:3      | Reached skill level 1 in Maces & Flails
   955 | D:3      | Found a shimmering blue altar of Sif Muna.
  1227 | D:3      | Reached XP level 4. HP: 44/44 MP: 3/3
  1525 | D:3      | Found a faded altar of an unknown god.
  1592 | D:4      | Found a radiant altar of Vehumet.
  1592 | D:4      | Found a basalt altar of Yredelemnul.
  1592 | D:4      | Found an iron altar of Okawaru.
  1592 | D:4      | Found a shadowy altar of Dithmenos.
  1643 | D:5      | Entered Level 5 of the Dungeon
  1699 | D:5      | Found the +5 scythe "Finisher" {speed, eviscerate}
  1727 | D:5      | Noticed an ice beast
  1732 | D:5      | Killed an ice beast
  1732 | D:5      | Reached XP level 5. HP: 34/52 MP: 4/4
  1823 | D:5      | Noticed a sky beast
  1892 | D:5      | Killed a sky beast
  1892 | D:5      | Reached skill level 1 in Polearms
  1892 | D:5      | Reached XP level 6. HP: 53/61 MP: 5/5
  1970 | D:5      | Found Zin's Purification Station.
  1975 | D:5      | Found a glowing silver altar of Zin.
  1992 | D:5      | Bought a potion of curing for 90 gold pieces
  2028 | D:5      | Found Gasic's Antique Armour Boutique.
  2290 | D:5      | Reached skill level 2 in Polearms
  2290 | D:5      | Reached skill level 1 in Stealth
  2337 | D:6      | Noticed an orc warrior
  2350 | D:6      | Reached XP level 7. HP: 59/67 MP: 6/6
  2352 | D:6      | Reached skill level 3 in Polearms
  2688 | D:6      | Noticed Eustachio
  2706 | D:6      | Reached *** piety under Trog
  2707 | D:6      | Killed Eustachio
  2707 | D:6      | Reached skill level 4 in Polearms
  2711 | D:6      | Reached XP level 8. HP: 61/78 MP: 7/7
  2828 | D:6      | Found Juikkeid's Antique Weapon Shoppe.
  2965 | D:6      | Found an ancient bone altar of Kikubaaqudgha.
  2966 | D:6      | Found a bloodstained altar of Trog.
  3286 | D:6      | Reached skill level 5 in Polearms
  3357 | D:6      | Found a staircase to the Ecumenical Temple.
  3372 | Temple   | Entered the Ecumenical Temple
  3751 | D:6      | Gained mutation: You are surrounded by a mild repulsion
                  | field. (EV +2) [potion of mutation]
  3751 | D:6      | Gained mutation: You expend magic power (3 MP) to
                  | strengthen your wands. [potion of mutation]
  3751 | D:6      | Gained mutation: You have supernaturally acute eyesight.
                  | (SInv) [potion of mutation]
  3751 | D:6      | Gained mutation: You are agile. (Dex +2) [potion of
                  | mutation]
  3965 | D:7      | Noticed a hippogriff
  3973 | D:7      | Killed a hippogriff
  4044 | D:7      | Found a transporter.
  4052 | D:7      | Identified the cursed +3 short sword of Dishonour {distort,
                  | *Corrode +Blink rF+ Str+4 SInv}
  4056 | D:7      | Noticed a hell hog
  4068 | D:7      | Noticed a white ugly thing
  4068 | D:7      | Noticed smeego's ghost (novice HOFi)
  4096 | D:7      | Found a one-way gate to the infinite horrors of the Abyss.
  4123 | D:7      | Reached skill level 6 in Polearms
  4170 | D:7      | Reached skill level 5 in Dodging
  4201 | D:7      | Found a transporter.
  4260 | D:7      | Noticed Menkaure
  4269 | D:7      | Reached XP level 9. HP: 59/85 MP: 8/8
  4292 | D:7      | Killed Menkaure
  4579 | D:7      | Slain by a small abomination

Levels and vault maps discovered:
D:1:      eino_arrival_water_cross, layout_basic, st_stairs_7,
          chequers_serial_rivers_micro_e
D:2:      layout_loops_ring, trog_hazing_becter, uniq_robin
D:3:      minmay_angry_zag, layout_basic, lemuel_doored_altar,
          chequers_ecumenical_altar_lobes, first_ration, feat_on_display
D:4:      layout_cave_pods, nicolae_overflow_hidden_temple
D:5:      layout_basic, zin_purify, serial_shops, shop
D:6:      minmay_recursive_quarters, layout_loops_ring,
          minmay_temple_entry_nine_rooms, basic_altar, serial_shops,
          nicolae_shop_trees, bloody_trog, uniq_eustachio
D:7:      layout_basic, old_standard_altar, gammafunk_ghost_abyssal_escape,
          uniq_menkaure
D:8:      layout_basic, serial_shops, shop_statue, uniq_maurice
Temple:   regret_index_temple_waves

Skill      XL: |  1  2  3  4  5  6  7  8 |
---------------+-------------------------+-----
Maces & Flails | 1 2 3 |  3.1
Dodging        | 3 4 5 |  5.1
Fighting       | 3 4 |  4.5
Polearms       | 1 2 4 6 |  6.7
Stealth        | 1 |  1.6
Throwing       | |  0.5
Unarmed Combat | |  3.5

Action                   |  1- 3 |  4- 6 |  7- 9 || total
-------------------------+-------+-------+-------++-------
Melee: Unarmed           |    15 |       |       ||    15
       Whip              |    84 |    32 |       ||   116
       Punch             |     1 |       |       ||     1
       Scythe            |       |    71 |   164 ||   235
Throw: Dart              |       |       |     8 ||     8
Invok: Berserk           |     1 |       |     3 ||     4
       Trog's Hand       |       |       |     1 ||     1
  Use: Scroll            |     5 |     5 |     3 ||    13
       Potion            |       |       |    11 ||    11
 Stab: Sleeping          |       |       |     1 ||     1
  Eat: Chunk             |    17 |     4 |    25 ||    46
       Ration            |       |       |     1 ||     1
Armor: Animal skin       |    34 |    52 |    19 ||   105
       Robe              |       |       |    33 ||    33
Dodge: Dodged            |    64 |    51 |   105 ||   220

Table legend:
 A = Non-vault XP
 B = Vault XP
 C = Vault XP percentage of total XP
 D = Non-vault monster count
 E = Vault monster count
 F = Vault count percentage of total count
                 A         B        C        D         E       F
            +---------+---------+-------+---------+---------+-------
      Total |    2461 |     676 |  21.5 |     102 |      15 |  12.8
            +---------+---------+-------+---------+---------+-------
        D:1 |      22 |       8 |  26.7 |      13 |       2 |  13.3
        D:2 |      11 |       0 |   0.0 |       6 |       0 |   0.0
        D:3 |      51 |      13 |  20.3 |      15 |       7 |  31.8
        D:5 |     592 |       0 |   0.0 |      16 |       0 |   0.0
        D:6 |     610 |     507 |  45.4 |      27 |       5 |  15.6
        D:7 |    1107 |     148 |  11.8 |      23 |       1 |   4.2
        D:8 |      68 |       0 |   0.0 |       2 |       0 |   0.0
            +---------+---------+-------+---------+---------+-------
